AoeStats
← jhonskull87

Arena

506182893Analyzed
4v4 RM · 21d ago on Sep 12, 2026· 49m 21s· 8 players
Game mode
Random Map
Map size
Large (8 player)
Population
200
Speed
Normal
Resources
Standard
Victory
Conquest
Starting age
Dark Age
Ending age
Imperial Age
RankedLock teamsTeams togetherTeam positionsShared explorationLock speedFull tech treeHidden civsTurbo modeCheats
Victory
Defeat
🇸🇪 Franks · Sweden
774
+11
🇺🇸 Teutons · United States
738
+12
🇺🇸 Teutons · United States
738
+12
🇨🇴 Celts · Colombia
718
+13
🇬🇧 Persians · United Kingdom
683
-12
🇪🇸 Shu · Spain
670
-12
🇲🇽 Persians · Mexico
653
-12
🇮🇳 Khmer · India
641
-12
Jimbo990
9:57 Feudal Age
9:31 Loom
16:04 Double-Bit Axe
16:02 Horse Collar
20:56 Castle Age
21:52 Bow Saw
24:20 Heavy Plow
24:12 Town Watch
28:54 Pikeman
37:28 Imperial Age
34:55 Murder Holes
35:11 Masonry
36:20 Wheelbarrow
36:21 Forging
40:06 Hoardings
42:35 Scale Barding Armor
43:21 Crop Rotation
43:14 Cavalier
43:55 Husbandry
45:32 Savar
ander.bioesc
1:32 Loom
11:37 Feudal Age
15:03 Double-Bit Axe
18:52 Castle Age
17:13 Horse Collar
17:27 Gold Mining
19:53 Bow Saw
21:43 Crossbowman
35:08 Imperial Age
35:01 Wheelbarrow
34:13 Town Watch
36:50 Hand Cart
37:46 Heavy Plow
40:39 Fletching
43:43 Bodkin Arrow
44:28 Light Cavalry
44:54 Pikeman
45:34 Squires
45:20 Arson
47:47 Forging
47:40 Bracer
jhonskull87
7:20 Loom
13:15 Feudal Age
11:30 Loom
13:45 Double-Bit Axe
13:43 Horse Collar
17:42 Forging
18:59 Gold Mining
22:01 Wheelbarrow
25:46 Castle Age
24:34 Padded Archer Armor
24:26 Fletching
25:39 Crossbowman
26:38 Pikeman
27:19 Squires
27:05 Gambesons
42:07 Imperial Age
40:02 Hand Cart
39:54 Husbandry
40:05 Bloodlines
43:09 Heavy Plow
43:55 Stone Mining
45:44 Leather Archer Armor
A.B.R
1:59 Loom
11:30 Feudal Age
12:05 Double-Bit Axe
14:09 Horse Collar
14:55 Gold Mining
15:18 Stone Mining
18:29 Wheelbarrow
17:40 Town Watch
22:00 Castle Age
21:40 Padded Archer Armor
22:23 Fletching
22:40 Scale Mail Armor
24:17 Heavy Plow
24:29 Bow Saw
24:47 Leather Archer Armor
26:34 Gold Shaft Mining
27:08 Tusk Swords
29:14 Hand Cart
28:46 Town Watch
32:10 Bodkin Arrow
39:23 Imperial Age
40:42 Town Patrol
41:07 Heavy Scorpion
43:32 Ring Archer Armor
43:02 Bracer
42:37 Elite Ballista Elephant
45:47 Double Crossbow
Reywell10
0:30 Loom
11:52 Feudal Age
17:06 Castle Age
19:41 Stone Mining
19:34 Horse Collar
19:43 Double-Bit Axe
29:02 Wheelbarrow
33:20 Masonry
33:51 Hand Cart
34:24 Bow Saw
35:17 Forging
38:21 Squires
38:07 Arson
39:03 Iron Casting
38:29 Scale Mail Armor
42:23 Imperial Age
43:27 Crenellations
43:16 Cavalier
44:40 Conscription
45:59 Bloodlines
47:06 Paladin
Trollslaendan
3:02 Loom
12:07 Feudal Age
13:22 Double-Bit Axe
18:18 Castle Age
20:09 Gold Mining
20:09 Stone Mining
20:41 Light Cavalry
21:22 Husbandry
24:15 Bow Saw
26:17 Scale Mail Armor
28:25 Murder Holes
28:41 Fortified Wall
29:27 Elite Skirmisher
34:09 Imperial Age
33:01 Forging
33:07 Chain Mail Armor
32:58 Scale Barding Armor
34:04 Ballistics
35:56 Iron Casting
35:51 Plate Mail Armor
38:11 Cavalier
38:41 Capped Ram
39:54 Fletching
40:04 Padded Archer Armor
41:05 Blast Furnace
40:25 Chain Barding Armor
39:27 Pikeman
41:05 Gold Shaft Mining
40:45 Caravan
44:07 Conscription
44:08 #83
44:15 Chivalry
44:54 Hoardings
45:35 Paladin
48:28 Halberdier
49:08 Squires
SDBFP06!
0:28 Loom
11:32 Feudal Age
13:02 Wheelbarrow
14:46 Town Watch
19:26 Castle Age
17:23 Stone Mining
17:25 Double-Bit Axe
17:35 Gold Mining
23:20 Town Patrol
29:15 Imperial Age
28:24 Bow Saw
28:35 Forging
28:25 Scale Mail Armor
31:10 Pikeman
32:03 Elite Skirmisher
32:17 Elite Skirmisher
33:44 Conscription
34:50 Fortified Wall
34:58 Arson
35:14 Squires
35:00 Gambesons
37:11 Onager
43:23 Crenellations
43:40 Hoardings
42:36 Heavy Scorpion
43:49 Caravan
45:42 Two-Man Saw
49:14 Chemistry
48:34 Ballistics
50:15 Hand Cart
EL THANOS
0:36 Loom
12:25 Feudal Age
13:08 Double-Bit Axe
20:36 Castle Age
18:38 Horse Collar
19:07 Stone Mining
19:56 Gold Mining
21:49 Bow Saw
25:45 Gold Shaft Mining
30:44 Heavy Plow
35:07 Imperial Age
32:43 Padded Archer Armor
33:31 Caravan
34:35 Wheelbarrow
34:34 Ballistics
34:03 Town Watch
35:37 Hand Cart
35:41 Leather Archer Armor
35:18 Fletching
37:29 Chemistry
38:06 Ring Archer Armor
37:32 Bodkin Arrow
38:20 Town Patrol
38:23 Heavy Scorpion
39:14 Capped Ram
40:24 Siege Engineers
40:00 Treadmill Crane
40:32 Masonry
41:03 Stone Shaft Mining
41:18 Siege Ram
42:14 Onager
45:11 Coinage
44:51 Guilds
45:06 Elite Woad Raider
Connection lost

Rejoining the realm…

Still unreachable

The connection could not be restored.

Session expired

The server has moved on; the page needs a fresh start.